 Dungeon Crawl Stone Soup version 0.30.0-29-ga12c61a403 (webtiles) character file.

Game seed: 16649661462622207836

101 Irreverend the Insei (level 4, -8/40 HPs)
             Began as a Naga Transmuter on June 5, 2023.
             Mangled by a gnoll
             ... wielding a +0 spear
              (10 damage)
             ... on level 3 of the Dungeon.
             The game lasted 00:04:02 (2599 turns).

Irreverend the Insei (Naga Transmuter)              Turns: 2599, Time: 00:04:02

Health: -8/40      AC:  2    Str: 12    XL:     4   Next: 75%
Magic:  7/7        EV: 10    Int: 15    God:
Gold:   105        SH:  0    Dex: 12    Spells: 1/7 levels left

rFire   . .          .
                       - Unarmed
rCold   . . .        (no shield)
rNeg    . . .        a - +0 robe
rPois   +            (helmet currently unavailable)
rElec   .            (no cloak)
rCorr   .            (no gloves)
SInv    +            (no barding)
Will    .....        (no amulet)
Stlth   +            (no ring)
HPRegen 0.26/turn    (no ring)
MPRegen 0.10/turn

%: no passive effects
@: appendages (expiring), invisible, very slow
A: horns 2, AC +1, large, see invisible, deformed body, poison resistance,
slowness 2, spit poison 1, naga tail 1
a: Spit Poison, End Transformation


You were on level 3 of the Dungeon.
You had temporarily grown beastly horns.
You visited 1 branch of the dungeon, and saw 3 of its levels.

You collected 105 gold pieces.

Inventory:

Missiles
 o - a throwing net
Armour
 a - a +0 robe (worn)
Scrolls
 c - a scroll of teleportation {unknown}
 h - a scroll of identify {unknown}
 l - a scroll of vulnerability {unknown}
 m - a scroll of poison {unknown}
 n - a scroll of enchant armour {unknown}
Potions
 b - a potion of lignification
 d - a potion of heal wounds {unknown}
 e - 2 potions of brilliance {unknown}
 f - a potion of mutation {unknown}
 g - a potion of berserk rage {unknown}
 i - 2 potions of invisibility
 j - a potion of might {unknown}
 k - a potion of flight {unknown}


   Skills:
 + Level 2.4 Fighting
 + Level 2.4 Dodging
 + Level 3.8 Unarmed Combat
 - Level 2.0 Spellcasting
 + Level 2.3 Transmutations
 + Level 1.0 Poison Magic


You had one spell level left.
You knew the following spells:

 Your Spells              Type           Power      Damage    Failure   Level
a - Beastly Appendage     Tmut           16%        N/A       9%          1
b - Wereblood             Tmut           8%         N/A       13%         2
c - Spider Form           Tmut/Pois      6%         N/A       32%         3

Your spell library contained the following spells:

 Spells                   Type           Power      Damage    Failure   Level
 Freeze                   Ice            4%         1d3       22%         1
 Kiss of Death            Conj/Necr      4%         2d5       22%         1
 Confusing Touch          Hex            1%         N/A       54%         3
 Frozen Ramparts          Ice            2%         1d1       54%         3
 Hailstorm                Conj/Ice       1%         3d3       54%         3
 Ice Form                 Ice/Tmut       4%         N/A       80%         4
 Dispel Undead            Necr           1%         3d6       91%         4


Dungeon Overview and Level Annotations

Branches:
Dungeon (3/15)

Altars:


Innate Abilities, Weirdness & Mutations

You have temporarily grown beastly horns.
Your serpentine skin is tough. (AC +1)
You have supernaturally acute eyesight. (SInv)
Armour fits poorly on your strangely shaped body.
Your system is resistant to poisons. (rPois)
You cover ground very slowly.
You can spit poison.
You have a snake-like lower body.


Message History

Casting: Beastly Appendage (safe; 9% risk of failure)
Confirm with . or Enter, or press ? or * to list all spells.
You grow a pair of large bovine horns.
The hobgoblin hits you but does no damage.
You hit the hobgoblin.
The hobgoblin is almost dead.
The hobgoblin barely misses you.
You hit the hobgoblin.
You kill the hobgoblin!
You closely miss the gnoll. The gnoll hits you with a +0 whip.
You hit the gnoll but do no damage. The gnoll closely misses you.
The gnoll completely misses you.
You hit the gnoll but do no damage. The gnoll misses you.
The gnoll hits you with a +0 whip.
You hit the gnoll. You headbutt the gnoll!
The gnoll is almost dead.
The gnoll hits you from afar with a +0 spear.
The gnoll hits you with a +0 whip.
You hit the gnoll.
You kill the gnoll!
The gnoll hits you from afar with a +0 spear!
You hit the gnoll.
The gnoll is heavily wounded.
You barely miss the gnoll.
The gnoll is heavily wounded.
Your transformation is almost over.
The gnoll hits you from afar with a +0 spear.
* * * LOW HITPOINT WARNING * * *
The gnoll misses you.
You hit the gnoll. You headbutt the gnoll.
You kill the gnoll!
The gnoll hits you from afar with a +0 spear.
* * * LOW HITPOINT WARNING * * *
Your Poison Magic skill increases to level 1!
The gnoll hits you from afar with a +0 spear.
* * * LOW HITPOINT WARNING * * *
It was a potion of invisibility.
You fade into invisibility!
The gnoll hits you from afar with a +0 spear!
You die...

. ####### #.
....... ##. ......g
#.. ......g######.#
.......#.@).#.#
....g.g#.##.#.#
.......#g##...###
#.....#.....#
#.....#.#.#.#######
#.......#.#.......#
##+###..#.#..####.#
#..#.#..# #.#
...#.#..####.#


You could see a gnoll (unable to see you).

Vanquished Creatures
  3 gnolls (D:3)
  An adder (D:2)
  3 worms (D:2)
  A dart slug (D:2)
  5 ball pythons
  8 bats
  An endoplasm (D:2)
  3 giant cockroaches (D:1)
  6 hobgoblins
  8 jackals (D:1)
  4 kobolds
  2 quokkas (D:1)
  A frilled lizard (D:2)
  A goblin (D:2)
  3 rats (D:1)
50 creatures vanquished.

Notes
Turn   | Place    | Note
-------+----------+-------------------------------------------
     0 | D:1      | Irreverend the Naga Transmuter began the quest for the Orb.
     0 | D:1      | Reached XP level 1. HP: 18/18 MP: 3/3
   123 | D:1      | Reached XP level 2. HP: 11/25 MP: 3/5
   727 | D:1      | Reached XP level 3. HP: 27/32 MP: 4/6
  1612 | D:2      | Learned a level 2 spell: Wereblood
  1616 | D:2      | Learned a level 3 spell: Spider Form
  2091 | D:2      | Reached XP level 4. HP: 38/39 MP: 5/7
  2598 | D:3      | Reached skill level 1 in Poison Magic
  2598 | D:3      | HP: 1/40 [gnoll/+0 spear (4)]
  2599 | D:3      | Mangled by a gnoll

Illustrated notes

Levels and vault maps discovered:
D:1:      heliophobic_arrival_enchanted_forest, layout_basic,
          serial_bayou_pond_e, kennysheep_boxes
D:2:      layout_loops_corners, chequers_serial_rivers_small_a
D:3:      layout_basic, dreamdust_divine_triumvirate, uniq_grinder

Skill      XL: |  1  2  3  4 |
---------------+-------------+-----
Dodging        | 2 |  2.4
Fighting       | 2 |  2.4
Poison Magic   | 1 |  1.0
Unarmed Combat | |  3.8
Spellcasting   | |  2.0
Transmutations | |  2.3

Action                     |  1- 3 |  4- 6 || total
---------------------------+-------+-------++-------
  Melee: Unarmed           |   138 |    31 ||   169
         Headbutt          |    22 |     3 ||    25
         Punch             |     1 |     2 ||     3
   Cast: Beastly Appendage |    29 |     5 ||    34
    Use: Potion            |       |     1 ||     1
   Stab: Sleeping          |     3 |       ||     3
 Armour: Robe              |    39 |     3 ||    42
  Dodge: Dodged            |    77 |    14 ||    91
